 Dungeon Crawl Stone Soup version 0.30-a0-778-g2ef04afb54 (webtiles) character file.

Game seed: 8644350927617449660

2830 theswoord the Frost Mage (level 9, -4/57 (68) HPs)
             Began as a Naga Ice Elementalist on Feb 15, 2023.
             Was a Follower of Kikubaaqudgha.
             Slain by a wight
             ... wielding a +5 trident of freezing
              (11 damage)
             ... on level 7 of the Dungeon on Feb 16, 2023.
             The game lasted 00:13:46 (6529 turns).

theswoord the Frost Mage (Naga Ice Elementalist)    Turns: 6529, Time: 00:13:47

HP:   -4/57 (68)    AC: 23    Str: 10    XL:     9   Next: 73%
MP:   17/21         EV: 10    Int: 22    God:    Kikubaaqudgha [*.....]
Gold: 235           SH:  0    Dex: 12    Spells: 18/25 levels left

rFire   . . .      SeeInvis +    w - +11 quarterstaff of Megalomania {protect, rElec rPois Int+2}
rCold   . . .      Faith    .    (shield currently unavailable)
rNeg    . . .      Spirit   .    a - +1 robe
rPois   +          Reflect  .    (no helmet)
rElec   +          Harm     .    f - +0 cloak
rCorr   .          Rampage  .    q - +0 pair of gloves {Stlth+}
Will    +....                    (no barding)
Stlth   +++                      (no amulet)
HPRegen 0.29/turn                e - ring of wizardry
MPRegen 0.17/turn                k - +4 ring of slaying

@: ice-armoured, under a protective aura, heavily drained, very slow
A: AC +3, large, see invisible, deformed body, poison resistance, slowness 2,
spit poison 1, naga tail 1
a: Spit Poison, Renounce Religion, Unearth Wretches


You were on level 7 of the Dungeon.
You worshipped Kikubaaqudgha.
Kikubaaqudgha was aware of your devotion.
You visited 1 branch of the dungeon, and saw 7 of its levels.
You also visited: Sewer.

You collected 235 gold pieces.

Inventory:

Hand Weapons
 c - a +0 short sword
 j - a +3 quarterstaff of freezing
 o - a +4 falchion of holy wrath
 t - a +2 heavy flail
 w - the +11 quarterstaff of Megalomania (weapon) {protect, rElec rPois Int+2}
   (You found it on level 3 of the Dungeon)

   Int:       It affects your intelligence (+2).
   rElec:     It insulates you from electricity.
   rPois:     It protects you from poison.
Armour
 a - a +1 robe (worn)
 f - a +0 cloak (worn)
 q - a +0 pair of gloves of stealth (worn)
Jewellery
 e - a ring of wizardry (left hand)
 k - a +4 ring of slaying (right hand)
 y - a ring of fire
 E - a ring of positive energy
Scrolls
 g - 3 scrolls of magic mapping
 p - a scroll of summoning
 v - 3 scrolls of teleportation
 C - 2 scrolls of vulnerability
 D - 2 scrolls of enchant armour
Potions
 b - 2 potions of magic
 d - a potion of heal wounds
 h - 2 potions of might
 i - 4 potions of attraction
 l - 2 potions of berserk rage
 m - 3 potions of degeneration {unknown}
 n - 3 potions of brilliance {unknown}
 r - 3 potions of cancellation {unknown}
 s - 5 potions of curing
 u - 2 potions of flight {unknown}
 z - a potion of invisibility {unknown}
 A - a potion of ambrosia {unknown}
 B - a potion of resistance {unknown}


   Skills:
 - Level 1.5 Dodging
 - Level 3.0 Stealth
 + Level 8.8 Spellcasting
 + Level 10.1 Ice Magic


You had 18 spell levels left.
You knew the following spells:

 Your Spells              Type           Power      Damage    Failure   Level
a - Freeze                Ice            100%       1d10      1%          1
b - Frozen Ramparts       Ice            100%       1d16      1%          3
c - Ozocubu's Armour      Ice            53%        N/A       1%          3

Your spell library contained the following spells:

 Spells                   Type           Power      Damage    Failure   Level
 Kiss of Death            Conj/Necr      36%        2d8       2%          1
 Necrotise                Necr           36%        1d5       2%          1
 Slow                     Hex            36%        N/A       2%          1
 Summon Ice Beast         Ice/Summ       32%        N/A       3%          4
 Blink                    Tloc           18%        N/A       4%          2
 Cigotuvi's Dreadful Rot  Necr/Pois/Air  18%        N/A       4%          2
 Lesser Beckoning         Tloc           18%        N/A       4%          2
 Sublimation of Blood     Necr           9%         N/A       4%          2
 Confusing Touch          Hex            9%         N/A       9%          3
 Gell's Gravitas          Tloc           9%         N/A       9%          3
 Inner Flame              Hex/Fire       9%         N/A       9%          3
 Teleport Other           Tloc           9%         N/A       9%          3
 Vampiric Draining        Necr           9%         2d6       9%          3
 Vhi's Electric Charge    Tloc/Air       18%        N/A       9%          3
 Animate Dead             Necr           9%         N/A       26%         4
 Cause Fear               Hex            4%         N/A       26%         4
 Dispel Undead            Necr           9%         3d8       26%         4
 Leda's Liquefaction      Hex/Erth       4%         N/A       26%         4
 Manifold Assault         Tloc           9%         N/A       26%         4
 Arcjolt                  Conj/Air       4%         1d14      56%         5
 Lee's Rapid Deconstruct  Erth           4%         3d5*      56%         5
 Dispersal                Tloc           4%         N/A       98%         6
 Statue Form              Tmut/Erth      6%         N/A       98%         6
 Storm Form               Tmut/Air       4%         N/A       100%        7
 Discord                  Hex            4%         N/A       100%        8
 Maxwell's Capacitive Co  Air            4%         ∞         100%        8


Dungeon Overview and Level Annotations

Branches:
Dungeon (7/15)             Temple (0/1) D:7           Sewer (visited)

Altars:
Elyvilon
Hepliaklqana
Kikubaaqudgha
Nemelex Xobeh


Innate Abilities, Weirdness & Mutations

Your serpentine skin is tough. (AC +3)
You have supernaturally acute eyesight. (SInv)
Armour fits poorly on your strangely shaped body.
Your system is resistant to poisons. (rPois)
You cover ground very slowly.
You can spit poison.
You have a snake-like lower body.


Message History

The wall freezes the wight but does no damage.
You hit the wight but do no damage.
The wight completely resists.
The wall freezes the wight but does no damage. x2
The wight hits you from afar with a +3 halberd!
You feel drained.
The wight resists.
The wall freezes the wight.
The wight hits you but does no damage.
The wight resists.
The wall freezes the wight.
The wight hits you from afar with a +3 halberd.
The wight completely resists.
The wall freezes the wight but does no damage.
The wight hits you but does no damage.
The wight resists.
The wall freezes the wight.
The wight hits you but does no damage.
You feel drained.
The wight resists.
The wall freezes the wight.
The wight hits you but does no damage.
You feel drained.
You hit the wight.
You destroy the wight!
Kikubaaqudgha accepts your kill.
The frozen ramparts melt away.
The wight barely misses you.
The wight hits you from afar with a +3 halberd!
* * * LOW HITPOINT WARNING * * *
You feel drained.
* * * LOW HITPOINT WARNING * * *
The wight closely misses you.
You hit the wight. The wight hits you but does no damage.
You feel drained.
The wight hits you but does no damage. x2
You hit the wight but do no damage. The wight barely misses you.
The wight hits you from afar with a +3 halberd!
* * * LOW HITPOINT WARNING * * *
You feel drained.
* * * LOW HITPOINT WARNING * * *
The wight hits you but does no damage.
The wight hits you from afar with a +3 halberd.
* * * LOW HITPOINT WARNING * * *
You feel drained.
* * * LOW HITPOINT WARNING * * *
The wight hits you but does no damage. The wight completely misses you.
You hit the wight.
The wight hits you from afar with a +5 trident of freezing!
You die...
Kikubaaqudgha rasps: "You have failed me!
Welcome... death!"

...P.#.#..z###...##.
#PP..#...#........#
. ...........##..>..
..
_P.#..####..#.....
#... #.P.
##...##...###.....


P.P +..#..#.###$...... .. #.###.#z#....# #)###.zz)†##...... #)#....#@## ##...
#.#.#.$..# . #.#.###### #.# ..# ### You could see 3 wights.

Vanquished Creatures
  Prince Ribbit (D:5)
  Grinder (D:5)
  An ice beast (D:6)
  3 ogres (D:5)
  2 centaurs
  3 phantoms
  4 bullfrogs
  A kobold brigand (D:4)
  A necrophage (D:5)
  3 scorpions
  5 wights
  3 howler monkeys (D:7)
  4 jellies (D:6)
  4 hounds
  An orc priest (D:5)
  Crazy Yiuf (D:2)
  A gnoll bouda (D:5)
  An iguana (D:6)
  2 orc wizards
  5 gnolls
  15 adders
  6 river rats (Sewer)
  An ufetubus (D:7)
  3 worms
  A dart slug (D:1)
  16 orcs
  10 endoplasms
  6 giant cockroaches
  8 goblins
  9 hobgoblins
  2 jackals (D:2)
  6 kobolds
  5 quokkas
  8 ball pythons
  10 bats
  6 frilled lizards
  27 rats
186 creatures vanquished.

Vanquished Creatures (others)
  13 plants (D:5)
13 creatures vanquished.

Grand Total: 199 creatures vanquished

Notes
Turn   | Place    | Note
-------+----------+-------------------------------------------
     0 | D:1      | theswoord the Naga Ice Elementalist began the quest for the
                  | Orb.
     0 | D:1      | Reached XP level 1. HP: 15/15 MP: 3/3
   138 | D:1      | Reached XP level 2. HP: 5/22 MP: 1/5
   634 | D:1      | Reached XP level 3. HP: 20/28 MP: 0/6
   896 | D:1      | Learned a level 3 spell: Frozen Ramparts
   900 | D:1      | Learned a level 3 spell: Ozocubu's Armour
  1482 | D:2      | Found a runed translucent door.
  1483 | D:2      | Noticed Crazy Yiuf
  1550 | D:2      | Killed Crazy Yiuf
  1551 | D:2      | Reached XP level 4. HP: 16/36 MP: 0/8
  1803 | D:2      | Reached skill level 5 in Ice Magic
  2376 | D:3      | Found a glowing drain.
  2389 | D:3      | Reached XP level 5. HP: 42/42 MP: 10/10
  2392 | Sewer    | Entered a sewer
  2830 | Sewer    | Reached XP level 6. HP: 37/49 MP: 4/12
  2956 | Sewer    | Reached skill level 6 in Ice Magic
  3174 | D:3      | Found a white marble altar of Elyvilon.
  3198 | D:3      | Identified the +11 quarterstaff of Megalomania {protect,
                  | rElec rPois Int+2}
  3436 | D:3      | Reached XP level 7. HP: 49/55 MP: 14/14
  3969 | D:4      | Reached skill level 5 in Spellcasting
  4431 | D:4      | Found a sparkling altar of Nemelex Xobeh.
  4481 | D:5      | Entered Level 5 of the Dungeon
  4534 | D:5      | Reached skill level 7 in Ice Magic
  4702 | D:5      | Noticed Grinder
  4705 | D:5      | Reached XP level 8. HP: 43/62 MP: 16/16
  4705 | D:5      | Paralysed by Grinder for 3 turns
  4719 | D:5      | Killed Grinder
  4871 | D:5      | Noticed Prince Ribbit
  4882 | D:5      | Killed Prince Ribbit
  4883 | D:5      | Reached skill level 8 in Ice Magic
  5015 | D:5      | Found an ancient bone altar of Kikubaaqudgha.
  5028 | D:5      | Became a worshipper of Kikubaaqudgha
  5141 | D:5      | Reached XP level 9. HP: 67/68 MP: 20/20
  5351 | D:5      | Reached skill level 9 in Ice Magic
  6434 | D:7      | Found a hazy altar of Hepliaklqana.
  6438 | D:7      | Found a staircase to the Ecumenical Temple.
  6499 | D:7      | Reached skill level 10 in Ice Magic
  6499 | D:7      | Reached * piety under Kikubaaqudgha
  6499 | D:7      | Received a gift from Kikubaaqudgha
  6529 | D:7      | Slain by a wight

Skill      XL: |  1  2  3  4  5  6  7  8  9 |
---------------+----------------------------+-----
Spellcasting   | 3 4 5 7 8 |  8.8
Ice Magic      | 5 6 7 8 10 | 10.1
Dodging        | |  1.5
Stealth        | |  3.0

Action                     |  1- 3 |  4- 6 |  7- 9 || total
---------------------------+-------+-------+-------++-------
  Melee: Short sword       |    59 |       |       ||    59
         Unarmed           |     5 |       |       ||     5
         Falchion          |       |   101 |       ||   101
         Quarterstaff      |       |    24 |   166 ||   190
   Cast: Freeze            |    32 |     7 |     2 ||    41
         Frozen Ramparts   |     1 |     9 |     8 ||    18
         Ozocubu's Armour  |     1 |     2 |     6 ||     9
    Use: Scroll            |     6 |     7 |     4 ||    17
   Stab: Sleeping          |     4 |    12 |    17 ||    33
 Armour: Robe              |    23 |    87 |    93 ||   203
  Dodge: Dodged            |    49 |    79 |    92 ||   220

Levels and vault maps discovered:
D:1:      shiori_arrival_maze, layout_basic
D:2:      layout_basic, minmay_crystal_water, cheibrodos_gnoll_hut,
          uniq_crazy_yiuf_cottage
D:3:      layout_loops_ring, elyvilon_altar_4, cheibrodos_sewer_entry_bend,
          small_statue_intersection, minmay_misc_feat_tiny
D:4:      layout_loops_ring, nemelex_dance_club_becter
D:5:      layout_cave_pods, mainiacjoe_overflow_cross_hatched,
          uniq_prince_ribbit1, uniq_grinder
D:6:      layout_basic, minmay_increasing_density
D:7:      layout_basic, nicolae_hepliaklqana_hazy_memory,
          minmay_temple_entry_slanted, serial_shops,
          nicolae_shop_advertising_works [nicolae_subvault_shop_adworks]
